 Dungeon Crawl Stone Soup version 0.26.0-10-g1f06aea511 (webtiles) character file.

Game seed: 15071327299458748702

182 jackrogers the Poker (level 5, 0/41 HPs)
             Began as a Merfolk Berserker on Jan 13, 2021.
             Was a Priest of Trog.
             Succumbed to an adder's poison
             ... on level 4 of the Dungeon.
             The game lasted 00:04:49 (3407 turns).

jackrogers the Poker (Merfolk Berserker)            Turns: 3407, Time: 00:04:50

Health: 0/41       AC:  5    Str: 18    XL:     5   Next: 62%
Magic:  5/5        EV: 14    Int:  9    God:    Trog [***...]
Gold:   239        SH:  4    Dex: 13    Spells: 4/4 levels left

rFire    . . .     SeeInvis .   r - +1 trident
rCold    . . .     Faith    .   g - +0 buckler
rNeg     . . .     Spirit   .   b - +0 animal skin
rPois    .         Reflect  .   (no helmet)
rElec    .         Harm     .   (no cloak)
rCorr    .         Rampage  .   f - +1 pair of gloves
Will     .....                  c - +0 pair of boots
Stlth    +.........             (no amulet)
HPRegen  0.13/turn              (no ring)
MPRegen  0.09/turn              (no ring)

@: lethally poisoned (0 -> -19), berserk cooldown, slowed, very slow
A: change form in water, swift swim, stealthy swim, clever 1, wild magic 1
a: Renounce Religion, Berserk, Trog's Hand


You were on level 4 of the Dungeon.
You worshipped Trog.
Trog was most pleased with you.
You visited 1 branch of the dungeon, and saw 4 of its levels.

You collected 239 gold pieces.

Inventory:

Hand Weapons
 a - a +0 spear
 r - a +1 trident (weapon)
   (You took it off an orc on level 3 of the Dungeon)
Armour
 b - a +0 animal skin (worn)
 c - a +0 pair of boots (worn)
   (You found it on level 1 of the Dungeon)
 f - a +1 pair of gloves (worn)
   (You found it on level 1 of the Dungeon)
 g - a +0 buckler (worn)
   (You found it on level 1 of the Dungeon)
Jewellery
 l - an uncursed ring of fire {rF+, rC-}
   (You found it on level 2 of the Dungeon)
Wands
 o - a wand of flame (9)
   (You found it on level 2 of the Dungeon)
Scrolls
 h - 2 scrolls of identify
 i - 2 scrolls of noise {!r}
 k - 3 scrolls of remove curse
Potions
 d - 3 potions of lignification {!q}
 e - 3 potions of attraction {unknown}
 j - 2 potions of mutation {!q}
 n - a potion of curing {unknown}
 p - 2 potions of brilliance {unknown}
 w - a potion of invisibility {unknown}


   Skills:
 - Level 3.2 Fighting
 * Level 7.1 Polearms
 - Level 1.3 Armour
 + Level 4.4 Dodging
 + Level 2.1 Shields


You had 4 spell levels left.
You didn't know any spells.
Your spell library was empty.

Dungeon Overview and Level Annotations

Branches:
Dungeon (4/15)
 Temple: D:4-7

Altars:
Cheibriados


Innate Abilities, Weirdness & Mutations

You revert to your normal form in water.
You are very nimble and swift while swimming.
You are very stealthy in the water. (Stealth+)
Your mind is acute. (Int +2)
Your spells are a little harder to cast, but a little more powerful.


Message History

There is a stone staircase leading down here.
You climb downwards.
There is a stone staircase leading up here.
You start waiting.
Done waiting.
An adder and a worker ant come into view.
There are monsters nearby!
There are monsters nearby!
Spoiler Alert: The worker ant is fast and can poison!
There are monsters nearby!
You hit the worker ant. You block the worker ant's attack. x2
You hit the worker ant.
The adder hisses angrily.
You hear an angry hiss.
An adder comes into view.
You block the worker ant's attack.
Spoiler Alert: The worker ant is fast and can poison!
You closely miss the worker ant.
The worker ant bites you but does no damage.
You barely miss the worker ant. The worker ant misses you.
You hit the worker ant. The worker ant closely misses you.
You closely miss the worker ant. The worker ant completely misses you.
The adder bites you.
Spoiler Alert: The worker ant is fast and can poison!
You closely miss the worker ant.
The worker ant bites you but does no damage.
The adder misses you. You block the worker ant's attack.
You closely miss the worker ant. The adder bites you.
You are poisoned.
The adder poisons you!
The worker ant bites you but does no damage.
Spoiler Alert: The worker ant is fast and can poison!
You closely miss the worker ant.
You feel sick. The adder bites you but does no damage.
The worker ant barely misses you. The adder bites you but does no damage.
You hit the worker ant. The adder barely misses you. The worker ant misses you.
The adder bites you but does no damage. x2
You closely miss the worker ant.
You feel sick.
The worker ant bites you but does no damage.
The adder completely misses you. The adder bites you.
You are more poisoned.
The adder poisons you!
Spoiler Alert: The worker ant is fast and can poison!
You hit the worker ant. The adder bites you. The worker ant misses you.
The adder barely misses you.
You closely miss the worker ant.
You feel sick. The adder barely misses you. The worker ant closely misses you.
You block the adder's attack. The adder completely misses you.
The worker ant bites you!
You are more poisoned.
The worker ant poisons you! The adder barely misses you.
Spoiler Alert: The worker ant is fast and can poison!
A red film seems to cover your vision as you go berserk!
You feel yourself moving faster!
You feel mighty!
You feel sick. The adder bites you. You block the adder's attack.
The worker ant bites you.
You are more poisoned.
The worker ant poisons you!
You puncture the worker ant!
You kill the worker ant!
Trog accepts your kill.
You feel sick. The adder completely misses you. You block the adder's attack.
Your Shields skill increases to level 2!
You puncture the adder!
You kill the adder!
Trog accepts your kill.
You feel sick. You block the adder's attack.
Your Polearms skill increases to level 7!
You feel sick. The adder bites you.
* * * LOW HITPOINT WARNING * * *
You are lethally poisoned!
The adder poisons you!
You see here an adder corpse.
You miss the adder.
* * * LOW HITPOINT WARNING * * *
You feel sick. The adder bites you.
* * * LOW HITPOINT WARNING * * *
You are more poisoned.
The adder poisons you!
You miss the adder.
* * * LOW HITPOINT WARNING * * *
You feel sick.
You puncture the adder!
You kill the adder!
Trog accepts your kill.
* * * LOW HITPOINT WARNING * * *
You feel sick.
You are too berserk!
You are too berserk!
* * * LOW HITPOINT WARNING * * *
You feel sick.
You feel a strong urge to attack something.
* * * LOW HITPOINT WARNING * * *
You feel sick.
You are no longer berserk.
You are exhausted.
You feel yourself slow down.
* * * LOW HITPOINT WARNING * * *
You feel sick.
Unknown command.
It was a potion of mutation.
You feel extremely strange.
You feel less in control of your magic.
You feel clever.
You die...

#.. #...
#....
#....###+###
#..........#
#.?...††...#
#....##....#
#.. ##....#
. #.@...#
#.....#
+.<...#
#######


There were no monsters in sight!

Vanquished Creatures
  A worker ant (D:4)
  5 adders
  A worm (D:2)
  4 dart slugs
  4 leopard geckos
  14 orcs (D:3)
  10 giant cockroaches
  5 goblins
  6 hobgoblins
  5 jackals (D:3)
  3 quokkas (D:3)
  3 bats
  6 frilled lizards
  10 kobolds
  6 rats
83 creatures vanquished.

Notes
Turn   | Place    | Note
-------+----------+-------------------------------------------
     0 | D:1      | jackrogers the Merfolk Berserker began the quest for the
                  | Orb.
     0 | D:1      | Reached XP level 1. HP: 18/18 MP: 1/1
   181 | D:1      | Reached skill level 3 in Dodging
   274 | D:1      | Reached XP level 2. HP: 24/24 MP: 2/2
   421 | D:1      | Reached skill level 5 in Polearms
   960 | D:2      | Reached XP level 3. HP: 29/29 MP: 3/3
  1164 | D:2      | Reached ** piety under Trog
  1354 | D:2      | Reached skill level 1 in Shields
  1860 | D:3      | Reached XP level 4. HP: 34/35 MP: 4/4
  1865 | D:3      | Reached skill level 6 in Polearms
  2437 | D:3      | Reached *** piety under Trog
  2443 | D:3      | Reached skill level 4 in Dodging
  2489 | D:3      | Found a snail-covered altar of Cheibriados.
  2624 | D:3      | Reached XP level 5. HP: 41/41 MP: 5/5
  3399 | D:4      | Reached skill level 2 in Shields
  3400 | D:4      | Reached skill level 7 in Polearms
  3400 | D:4      | HP: 15/61 [adder (4)]
  3404 | D:4      | HP: 7/61 [poisoned by an adder]
  3406 | D:4      | HP: 2/41 [poisoned by an adder]
  3407 | D:4      | Gained mutation: Your spells are a little harder to cast,
                  | but a little more powerful. [potion of mutation]
  3407 | D:4      | Gained mutation: Your mind is acute. (Int +2) [potion of
                  | mutation]
  3407 | D:4      | Succumbed to an adder's poison

Illustrated notes

Levels and vault maps discovered:
D:1:      lemuel_arrival_river_bridge, layout_basic, serial_corexii_hall,
          chequers_hall_statues_corner_a, chequers_hall_statues_y,
          corexii_hall_statues_x
D:2:      layout_loops_corners, minmay_misc_feat_more_columns
D:3:      layout_loops_ring, cheibriados_altar_1,
          wander_ebering_terrifying_dragon_lair
D:4:      layout_gridville, grunt_gozag_statues

Skill      XL: |  1  2  3  4  5 |
---------------+----------------+-----
Dodging        | 3 4 |  4.4
Polearms       | 5 6 7 |  7.1
Shields        | 1 2 |  2.1
Fighting       | |  3.2
Armour         | |  1.3

Action                   |  1- 3 |  4- 6 || total
-------------------------+-------+-------++-------
Melee: Spear             |   126 |    68 ||   194
       Trident           |       |   138 ||   138
Invok: Berserk           |       |     1 ||     1
  Use: Scroll            |     5 |     6 ||    11
       Potion            |       |     1 ||     1
 Stab: Sleeping          |     3 |     4 ||     7
Armor: Animal skin       |    24 |    45 ||    69
Dodge: Dodged            |    30 |   108 ||   138
Block: Buckler           |    12 |    28 ||    40

Table legend: (Time is in decaauts)
 A = Elapsed time spent in this place.
 B = Non-inter-level travel time spent in this place.
 C = Inter-level travel time spent in this place.
 D = Time resting spent in this place.
 E = Time spent auto-exploring this place.
 F = Levels seen in this place.
 G = Mean time per level.
                   A        B        C        D        E       F      G
               +--------+--------+--------+--------+--------+-----+--------+
         Total |   3368 |   3138 |    230 |    467 |   2111 |   4 |  842.0 |
       Dungeon |   3368 |   3138 |    230 |    467 |   2111 |   4 |  842.0 |
               +--------+--------+--------+--------+--------+-----+--------+

Top non-repeatable levels by time:
     D:3: 1415 daAuts
     D:2: 1023 daAuts
     D:1: 799 daAuts
     D:4: 129 daAuts

Table legend:
 A = Kills in this place as a percentage of kills in entire the game.
 B = Kills by you in this place as a percentage of kills by you in the entire game.
 C = Kills by friends in this place as a percentage of kills by friends in the entire game.
 D = Other kills in this place as a percentage of other kills in the entire game.
 E = Experience gained in this place as a percentage of experience gained in the entire game.
 F = Experience gained in this place divided by the number of levels of this place that you have seen.
                   A       B       C       D       E      F
               +-------+-------+-------+-------+-------+----------------------
         Total | 100.0 | 100.0 |   N/A |   N/A | 100.0 |  65.2
       Dungeon | 100.0 | 100.0 |   N/A |   N/A | 100.0 |  65.2
               +-------+-------+-------+-------+-------+----------------------
